 Dungeon Crawl Stone Soup version 0.30-a0-862-g1aabd4f9c5 (webtiles) character file.

Game seed: 7612588474052064957

3665 bmack86 the Cleaver (level 9, 0/80 HPs)
             Began as a Minotaur Fighter on Mar 9, 2023.
             Was a Priest of Okawaru.
             Slain by an orc warlord
             ... wielding a +6 battleaxe
              (12 damage)
             ... in a bailey.
             The game lasted 00:21:47 (6595 turns).

bmack86 the Cleaver (Minotaur Fighter)              Turns: 6595, Time: 00:21:48

Health: 0/80       AC: 18    Str: 29    XL:     9   Next: 89%
Magic:  10/11      EV: 10    Int:  5    God:    Okawaru [***...]
Gold:   801        SH:  7    Dex:  9    Spells: 8/8 levels left

rFire   . . .      SeeInvis +    L - +5 broad axe (heavy)
rCold   . . .      Faith    .    c - +1 buckler
rNeg    . . .      Spirit   .    m - +0 chain mail
rPois   .          Reflect  .    v - +2 hat
rElec   .          Rampage  .    (no cloak)
rCorr   +                        H - +2 pair of gloves {Str+3}
Will    .....                    (no boots) Stlth
                                 p - amulet of the acrobat
HPRegen 0.33/turn                l - ring of see invisible
MPRegen 0.12/turn                w - ring of resist corrosion

@: heroic
A: horns 2, retaliatory headbutt
a: Renounce Religion, Heroism


You were in a bailey.
You worshipped Okawaru.
Okawaru was most pleased with you.
You visited 2 branches of the dungeon, and saw 9 of its levels.
You also visited: Bailey.

You collected 1245 gold pieces.
You spent 444 gold pieces at shops.

Inventory:

Hand Weapons
 a - a +1 war axe
 J - the +9 falchion "Widowmaker" {flame, rElec Str+3 Dex+3}
   (You found it on level 7 of the Dungeon)

   Str:       It affects your strength (+3).
   Dex:       It affects your dexterity (+3).
   rElec:     It insulates you from electricity.
 L - a +5 heavy broad axe (weapon)
Missiles
 f - 10 poisoned darts (quivered)
 C - a curare-tipped dart
 D - 2 javelins
Armour
 b - a +0 scale mail
 c - a +1 buckler (worn)
 m - a +0 chain mail (worn)
 v - a +2 hat (worn)
 H - a +2 pair of gloves of strength (worn)
Jewellery
 l - a ring of see invisible (left hand)
 p - an amulet of the acrobat (around neck)
 s - a ring of flight
 w - a ring of resist corrosion (right hand)
 y - a ring of ice
Wands
 q - a wand of flame (8)
Scrolls
 i - 3 scrolls of fog
 j - 3 scrolls of magic mapping
 t - 3 scrolls of teleportation
 x - a scroll of blinking
 B - a scroll of amnesia
 K - 2 scrolls of enchant armour
Potions
 d - a potion of might
 e - 2 potions of magic
 g - 3 potions of cancellation
 h - 2 potions of heal wounds
 k - 3 potions of haste
 n - 3 potions of resistance
 o - 3 potions of curing
 r - 2 potions of ambrosia
 u - a potion of brilliance {unknown}
 z - a potion of invisibility
 E - 3 potions of lignification
 F - a potion of mutation
 I - a potion of berserk rage


   Skills:
 + Level 7.6(12.6) Fighting
 * Level 9.8(14.8) Axes
 + Level 4.2(9.2) Throwing
 + Level 7.6(12.6) Armour
 + Level 7.8(12.8) Shields
 + Level 4.4 Invocations


You had 8 spell levels left.
You didn't know any spells.
Your spell library contained the following spells:

 Spells                   Type           Power      Damage    Failure   Level
 Apportation              Tloc           0%         N/A       93%         1
 Necrotise                Necr           0%         1d4       93%         1
 Lesser Beckoning         Tloc           0%         N/A       98%         2
 Gell's Gravitas          Tloc           0%         N/A       100%        3
 Teleport Other           Tloc           0%         N/A       100%        3
 Summon Small Mammal      Summ           Unusable   N/A       N/A         1

Dungeon Overview and Level Annotations

Branches:
Dungeon (8/15)             Temple (1/1) D:4          Bailey (1/1)
   Lair: D:8-11

Altars:
Cheibriados
Dithmenos
Hepliaklqana
Kikubaaqudgha
Makhleb
Nemelex Xobeh
Okawaru
Ru
Sif Muna
Trog
Vehumet
Wu Jian
Yredelemnul
Zin
The Shining One

Shops:
D:1 *   D:2 **!?   D:4 *   D:5 *!   D:7 !


Innate Abilities, Weirdness & Mutations

You have a pair of horns on your head.
You reflexively headbutt those who attack you in melee.


Message History

You kill the hobgoblin!
Okawaru accepts your kill.
You barely miss the orc. You slice the gnoll!!
You kill the gnoll!
Okawaru accepts your kill.
You barely miss the hobgoblin. You slice the orc warrior!!
You kill the orc warrior!
Okawaru accepts your kill.
You slash the hobgoblin!
You kill the hobgoblin!
The hobgoblin hits you but does no damage.
You block the hobgoblin's attack. The orc barely misses you.
You hit the hobgoblin.
The hobgoblin is severely wounded.
You slash the orc!
You kill the orc!
Okawaru accepts your kill.
You hit the orc warlord but do no damage.
The orc warlord hits you with a +6 battleaxe!
The hobgoblin hits you with a +0 hand axe.
You completely miss the hobgoblin. You headbutt the hobgoblin.
You kill the hobgoblin!
Okawaru accepts your kill.
You slash the orc warlord! You slice the orc warrior!!
The orc warrior hits you with a +0 war axe.
The orc warlord hits you with a +6 battleaxe!!
You block the orc warrior's attack. The orc warlord misses you.
You furiously retaliate!
You headbutt the orc warlord, but do no damage.
Items here: )) [[ †.
You slice the orc warlord like a ripe choko!!!
You headbutt the orc warlord, but do no damage.
The orc warlord is heavily wounded.
You barely miss the orc warrior.
The orc warrior hits you with a +0 war axe!
The orc warlord hits you with a +6 battleaxe!!
* * * LOW HITPOINT WARNING * * *
You block the orc warrior's attack.
The orc warlord hits you with a +6 battleaxe!
You die...

...........#.))........#
)))........#...........#
#.).......###.........###
#'#.....###.###.....#'#.###
..###.###.....###.###))...###
....### .......###.........##
.....# .......##8..........#
.....# .......o#8..........#
.....# .......@'.....⌠....∩#
.....# .......o#8..........#
.....# .......##8..........#
....### .......###.........##
..###.###.....###.###.....###
#'#.....###.###.....#'#.###
#.........###.......))###
...........#...........#
...........#...........#


You could see an orc warlord and an orc warrior (strong).

Vanquished Creatures
  A troll (D:7)
  Prince Ribbit (D:7)
  Sigmund (D:2)
  A shadow (D:6)
  A water moccasin (D:7)
  11 orc warriors (Bailey)
  2 phantoms
  A kobold brigand (D:6)
  A bullfrog (D:6)
  4 scorpions
  7 wights (D:7)
  2 howler monkeys (D:6)
  3 hounds
  2 jellies
  2 gnoll boudas
  2 orc priests
  2 sleepcaps
  An orc wizard (D:8)
  6 iguanas
  Robin (D:3)
  12 gnolls
  6 adders
  2 shadow imps (D:6)
  An ufetubus (D:4)
  3 worms
  21 orcs
  8 endoplasms
  4 giant cockroaches (D:3)
  18 hobgoblins
  3 jackals (D:1)
  8 kobolds
  6 quokkas
  3 ball pythons (D:2)
  3 bats
  3 frilled lizards (D:2)
  32 goblins
  4 rats
189 creatures vanquished.

Vanquished Creatures (others)
  10 plants
  12 withered plants (D:3)
22 creatures vanquished.

Grand Total: 211 creatures vanquished

Notes
Turn   | Place    | Note
-------+----------+-------------------------------------------
     0 | D:1      | bmack86 the Minotaur Fighter began the quest for the Orb.
     0 | D:1      | Reached XP level 1. HP: 19/19 MP: 0/0
   185 | D:1      | Found Nanuit's General Store.
   193 | D:1      | Bought a scroll of identify for 22 gold pieces
   239 | D:1      | Reached XP level 2. HP: 26/27 MP: 1/1
   472 | D:1      | Reached skill level 3 in Axes
   711 | D:2      | Reached XP level 3. HP: 20/33 MP: 2/2
   783 | D:2      | Found Dex Errahi's Magic Scroll Boutique.
   961 | D:2      | Noticed Sigmund
   970 | D:2      | Killed Sigmund
   971 | D:2      | Reached skill level 4 in Axes
   971 | D:2      | Reached XP level 4. HP: 35/41 MP: 3/3
   971 | D:2      | Reached XP level 5. HP: 40/47 MP: 4/4
  1084 | D:2      | Found Yhitromi's Assorted Antiques.
  1095 | D:2      | Reached skill level 5 in Axes
  1095 | D:2      | Reached XP level 6. HP: 50/55 MP: 5/5
  1197 | D:2      | Found Jatakier's General Store.
  1286 | D:2      | Found Sipt's Distillery.
  1517 | D:3      | Found a faded altar of an unknown god.
  1560 | D:3      | Noticed Robin
  1574 | D:3      | Killed Robin
  1581 | D:3      | Reached skill level 5 in Armour
  1641 | D:3      | Reached skill level 5 in Shields
  1664 | D:3      | Reached skill level 5 in Fighting
  2188 | D:2      | Bought an onyx ring for 110 gold pieces
  2240 | D:4      | Found a staircase to the Ecumenical Temple.
  2257 | Temple   | Entered the Ecumenical Temple
  2273 | Temple   | Became a worshipper of Warmaster Okawaru
  2365 | D:4      | Found Piyvoe's General Store.
  2674 | D:4      | Reached XP level 7. HP: 29/61 MP: 6/6
  2854 | D:4      | Reached skill level 6 in Axes
  2935 | D:4      | Reached skill level 1 in Invocations
  3271 | D:5      | Entered Level 5 of the Dungeon
  3283 | D:5      | Found Dinuix's General Store.
  3361 | D:5      | Found a shadowy altar of Dithmenos.
  3365 | D:5      | Found a hazy altar of Hepliaklqana.
  3372 | D:5      | Found a shimmering blue altar of Sif Muna.
  3436 | D:5      | Bought a +0 pair of gloves for 45 gold pieces
  3663 | D:5      | Found Bistyuf's Distillery.
  3666 | D:5      | Bought a potion of degeneration for 15 gold pieces
  3911 | D:6      | Reached skill level 1 in Throwing
  4055 | D:6      | Reached skill level 7 in Axes
  4058 | D:6      | Reached * piety under Okawaru
  4065 | D:6      | Reached XP level 8. HP: 31/70 MP: 8/8
  4932 | D:7      | Noticed a troll
  4943 | D:7      | Killed a troll
  4943 | D:7      | Reached ** piety under Okawaru
  4944 | D:7      | Reached skill level 8 in Axes
  5196 | D:7      | Identified 2 scrolls of acquirement
  5196 | D:7      | Acquired a +1 pair of gloves of strength
  5198 | D:7      | Acquired 885 gold pieces
  5398 | D:7      | Noticed Prince Ribbit
  5424 | D:7      | Killed Prince Ribbit
  5425 | D:7      | Reached XP level 9. HP: 66/78 MP: 10/10
  5517 | D:7      | Found Ejasooli's Distillery.
  5524 | D:7      | Bought a potion of invisibility for 96 gold pieces
  5524 | D:7      | Bought a potion of mutation for 96 gold pieces
  5524 | D:7      | Bought a potion of berserk rage for 60 gold pieces
  5670 | D:7      | Identified the +9 falchion "Widowmaker" {flame, rElec Str+3
                  | Dex+3}
  6093 | D:8      | Reached *** piety under Okawaru
  6097 | D:8      | Reached skill level 9 in Axes
  6111 | D:8      | Found a flagged portal.
  6119 | Bailey   | Entered a bailey
  6482 | Bailey   | Acquired a +2 heavy broad axe
  6587 | Bailey   | Noticed an orc warlord
  6595 | Bailey   | Slain by an orc warlord

Illustrated notes

Levels and vault maps discovered:
D:1:      elethiomel_arrival_quiet, layout_loops_ring, serial_shops, shop
D:2:      layout_loops_ring, serial_glass, glass_columns_a, glass_columns_b,
          serial_shops, nicolae_shop_advertising_works
          [nicolae_subvault_shop_adworks], nicolae_shop_trees,
          nicolae_square_shop, shop, serial_bayou_pond_e, uniq_sigmund
D:3:      layout_loops_cross, shapermc_ecumenical_altar_flowoftime, uniq_robin
D:4:      layout_cave_pods, minmay_temple_entry_gardened_gates, serial_shops,
          shop
D:5:      layout_cave_pools, grunt_temple_overflow_diamond, serial_shops, shop,
          kennysheep_mini
D:6:      layout_basic
D:7:      layout_loops_ring, serial_shops, shop, uniq_prince_ribbit1
D:8:      layout_loops_corners, serial_shops, nicolae_diamond_shop, shop,
          enter_bailey_3, minmay_splitting_lines
Temple:   compressed_dpeg_triangle_lava_temple
Bailey:   bailey_axe_minmay_hex_keep, bailey

Skill      XL: |  1  2  3  4  5  6  7  8  9 |
---------------+----------------------------+-----
Axes           | 3 4 5 7 8 9 |  9.8
Fighting       | 4 5 6 7 |  7.6
Shields        | 4 5 6 7 |  7.8
Armour         | 4 5 6 7 |  7.6
Invocations    | 2 3 4 |  4.4
Throwing       | 1 3 4 |  4.2

Action                     |  1- 3 |  4- 6 |  7- 9 || total
---------------------------+-------+-------+-------++-------
  Melee: War axe           |    74 |   122 |   222 ||   418
         Headbutt          |    10 |    24 |    47 ||    81
         Broad axe         |       |       |    19 ||    19
 Invoke: Heroism           |       |       |     2 ||     2
    Use: Scroll            |     2 |     5 |    22 ||    29
 Armour: Scale mail        |    34 |    27 |    79 ||   140
         Chain mail        |       |       |    11 ||    11
  Dodge: Dodged            |    43 |    54 |   118 ||   215
  Block: Buckler           |    19 |    27 |   104 ||   150

Table legend: (Time is in decaauts)
 A = Elapsed time spent in this place.
 B = Non-inter-level travel time spent in this place.
 C = Inter-level travel time spent in this place.
 D = Time resting spent in this place.
 E = Time spent auto-exploring this place.
 F = Levels seen in this place.
 G = Mean time per level.
                   A        B        C        D        E       F      G
               +--------+--------+--------+--------+--------+-----+--------+
         Total |   6701 |   6376 |    325 |    225 |   4098 |  10 |  670.1 |
       Dungeon |   6177 |   5852 |    325 |      0 |   4079 |   8 |  772.1 |
        Temple |     34 |     34 |      0 |      0 |      0 |   1 |   34.0 |
        Bailey |    489 |    489 |      0 |    225 |     19 |   1 |  489.0 |
               +--------+--------+--------+--------+--------+-----+--------+

Top non-repeatable levels by time:
     D:7: 1157 daAuts
     D:6: 1096 daAuts
     D:4: 1010 daAuts
     D:2: 827 daAuts
     D:3: 784 daAuts
     D:1: 680 daAuts
     D:5: 576 daAuts
  Bailey: 489 daAuts
     D:8: 45 daAuts
  Temple: 34 daAuts
